 Dungeon Crawl Stone Soup version 0.31-a0-675-g238779eb0a (webtiles) character file.

Game seed: 18326814591965366700

6187 Xavori the Covert (level 10, -7/75 HPs)
             Began as an Octopode Chaos Knight on Sept 5, 2023.
             Was a Plaything of Xom.
             Mangled by Erolcha
             ... wielding a +0 giant spiked club
              (42 damage)
             ... on level 9 of the Dungeon.
             The game lasted 00:15:35 (13468 turns).

Xavori the Covert (Octopode Chaos Knight)          Turns: 13468, Time: 00:15:36

Health: -7/75      AC:  5    Str: 14    XL:     10   Next: 91%
Magic:  12/12      EV: 15    Int: 19    God:    Xom [....*.]
Gold:   687        SH:  4    Dex: 13    Spells: 9/9 levels left

rFire   + . .        F - +3 short sword (venom)
rCold   + . .        (no shield)
rNeg    + . .        (helmet restricted)
rPois   +            (no amulet)
rElec   +            j - ring "Athros" {rElec rN+ rCorr}
rCorr   +            k - ring of willpower
SInv    .            (no ring)
Will    +....        (no ring)
Stlth   ++++++       (no ring)
HPRegen 0.32/turn    (no ring)
MPRegen 0.13/turn    (no ring)
                     (no ring)

%: no passive effects
@: studying Fighting
A: almost no armour, amphibious, 8 rings, camouflage 1, gelatinous body 1,
(nimble swimmer 1), tentacles, antennae 1, tentacle spike 3, iridescent scales
2, large bone plates 1, clever 1, cold resistance 1, fire resistance 1, high MP
2, mutation resistance 1, poison resistance, robust 1, electricity resistance,
strong 1, MP-powered wands
a: Renounce Religion


You were on level 9 of the Dungeon.
You worshipped Xom.
You were a beloved toy of Xom.
You visited 1 branch of the dungeon, and saw 9 of its levels.
You also visited: Sewer and Bailey.

You collected 1088 gold pieces.
You spent 401 gold pieces at shops.

Inventory:

Hand Weapons
 a - a +0 short sword of chaos
 w - a +2 dagger of electrocution
 y - a +1 dagger of venom
 F - a +3 short sword of venom (weapon)
 J - a +4 dagger of venom
Missiles
 i - a throwing net
Jewellery
 h - the ring "Goga" {rPois rF++ Stlth-}
   (Xom gifted it to you on level 2 of the Dungeon)

   [ring of poison resistance]

   rF++:      It greatly protects you from fire.
   rPois:     It protects you from poison Stlth-: It makes you less stealthy.
 j - the ring "Athros" (left tentacle) {rElec rN+ rCorr}
   (You took it off an orc on level 8 of the Dungeon)

   [ring of positive energy]

   rElec:     It insulates you from electricity.
   rN+:       It protects you from negative energy.
   rCorr:     It protects you from acid and corrosion.
 k - a ring of willpower (right tentacle)
Wands
 g - a wand of roots (11)
 t - a wand of polymorph (4)
 E - a wand of digging (3)
 H - a wand of mindburst (18)
Scrolls
 b - a scroll of butterflies
 c - 5 scrolls of teleportation
 d - 4 scrolls of poison
 e - a scroll of brand weapon
 f - a scroll of enchant armour
 m - a scroll of enchant weapon
 n - 2 scrolls of immolation
 o - 2 scrolls of blinking
 r - 3 scrolls of amnesia
 v - 2 scrolls of silence
 z - a scroll of revelation {unknown}
Potions
 l - 4 potions of lignification
 p - 2 potions of cancellation {unknown}
 q - 2 potions of mutation
 u - 2 potions of attraction {unknown}
 x - 2 potions of curing
 A - a potion of resistance {unknown}
 B - 2 potions of brilliance {unknown}
 C - 3 potions of haste {unknown}
 D - 2 potions of enlightenment {unknown}
 G - a potion of magic {unknown}
 I - a potion of might
Miscellaneous
 s - a lightning rod (4/4)


   Skills:
 + Level 6.7 Fighting
 + Level 8.3 Short Blades
 + Level 6.9 Dodging
 + Level 12.7 Stealth
 + Level 3.4 Shields
 * Level 5.7 Evocations


You had 9 spell levels left.
You didn't know any spells.
Your spell library contained the following spells:

 Spells                   Type           Power      Damage    Failure   Level
 Freeze                   Ice            0%         1d3       21%         1
 Magic Dart               Conj           0%         1d3       21%         1
 Call Imp                 Summ           0%         N/A       30%         2
 Cigotuvi's Dreadful Rot  Necr/Pois/Air  0%         N/A       30%         2
 Frozen Ramparts          Ice            0%         1d1       52%         3
 Hailstorm                Conj/Ice       0%         3d3       52%         3
 Ignite Poison            Fire/Tmut/Pois 0%         N/A       52%         3
 Mephitic Cloud           Conj/Pois/Air  0%         N/A       52%         3
 Animate Dead             Necr           0%         N/A       90%         4
 Manifold Assault         Tloc           0%         N/A       90%         4
 Freezing Cloud           Conj/Ice/Air   0%         6-21      99%         5
 Dispersal                Tloc           0%         N/A       100%        6
 Haunt                    Necr/Summ      0%         N/A       100%        7
 Disjunction              Tloc           0%         N/A       100%        8
 Infestation              Necr           0%         N/A       100%        8


Dungeon Overview and Level Annotations

Branches:
Dungeon (9/15)             Temple (0/1) D:4           Sewer (visited)
 Bailey (visited)
   Lair: D:8-11         Orc: D:9-12

Altars:
Elyvilon
Makhleb
Xom
Yredelemnul

Shops:
D:3 ?([   D:4 *   D:7 !

Annotations:
D:9 Erolcha


Innate Abilities, Weirdness & Mutations

You cannot wear most types of armour.
You are amphibious.
You can wear up to eight rings at the same time.
Your skin changes colour to match your surroundings (Stealth+).
Your rubbery body absorbs attacks. (AC +1, EV +1)
((You are camouflaged when in or above water. (Stealth+)))
You have tentacles for arms and can constrict up to eight enemies at once.
You have a pair of small antennae on your head.
One of your tentacles bears a large vicious spike.
You are mostly covered in iridescent scales. (AC +4)
You are partially covered in large bone plates. (SH +4)
Your mind is acute. (Int +4, Str/Dex -1)
Your flesh is cold resistant. (rC+)
Your flesh is heat resistant. (rF+)
You have a considerably increased reservoir of magic. (+20% MP)
You are somewhat resistant to further mutation.
Your system is resistant to poisons. (rPois)
You are robust. (+10% HP)
You are resistant to electric shocks. (rElec)
Your muscles are strong. (Str +4, Int/Dex -1)
You expend magic power (3 MP) to strengthen your wands.


Message History

You hit Erolcha.
Erolcha is poisoned.
Your squeeze misses Erolcha.
Erolcha is lightly wounded.
Your eight-headed hydra disappears in a puff of smoke!
An orc warrior comes into view. It is wielding a +0 battleaxe.
Erolcha casts a spell.
Erolcha flickers and vanishes!
Deactivating autopickup; reactivate with Ctrl-A.
The orc warrior shouts!
You hit something.
You pierce something.
You hit something.
You hear some strange, mumbled words.
Something tries to affect you, but you resist.
An orc comes into view.
It is wielding a +0 club and carrying a wand of roots.
An orc comes into view. It is wielding a +0 war axe.
You barely miss something.
Your tentacle spike misses something.
You squeeze something. You hit something but do no damage.
You pierce something.
Something closely misses you.
You closely miss something.
Your tentacle spike misses something.
An orc comes into view. It is wielding a +0 flail.
The orc zaps a wand.
The roots erupt in riotous growth!
The grasping roots grab you! The grasping roots constrict you.
You barely miss something.
Your tentacle spike misses something.
Something hits you!!!
Ouch! That really hurt!
A shower of butterflies erupts from you!
Unknown command.
You barely miss something.
You pierce something.
Xom calls forth mighty explosions.
The fireball engulfs the orc!
The orc dies!
The fireball engulfs the orc.
The fireball engulfs the orc warrior!
The fireball engulfs the orc!
The orc dies!
The fireball engulfs the orc!
The orc dies!
Something hits you!!!
Ouch! That really hurt!
You die...

.................
..................
..................
........b..b......
)......b..........
.)..b...b....b...
..)..............
.......o.{..#
##########@.# #..#
#..#
######..###########
...................
###########.>.#####
#...# #...# #...#


You could see an orc warrior.

Vanquished Creatures
  Pikel (D:4)
  A shadow (D:8)
  A shapeshifter (D:5)
  A wyvern (D:8)
  A vampire mosquito (D:6)
  Eustachio (D:5)
  Menkaure (D:6)
  A water moccasin (D:6)
  11 orc warriors
  4 sky beasts
  An ice beast (D:7)
  A black bear (D:8)
  An ogre (D:7)
  A tengu (Bailey)
  13 centaurs
  2 lemures (D:4)
  A phantom (D:5)
  5 kobold brigands
  5 bullfrogs (D:7)
  A scorpion (D:4)
  A howler monkey (D:5)
  A jelly (D:4)
  A quasit (D:4)
  4 orc priests
  2 hounds
  Crazy Yiuf (D:5)
  4 sleepcaps (D:6)
  Jessica (D:2)
  3 iguanas
  9 orc wizards
  7 gnolls
  9 adders
  A river rat (Sewer)
  3 shadow imps
  A white imp (D:8)
  An ufetubus (D:6)
  3 worms
  2 dart slugs (D:1)
  50 orcs
  9 ball pythons
  4 endoplasms
  2 giant cockroaches
  9 goblins
  9 hobgoblins
  4 jackals (D:4)
  21 kobolds
  4 quokkas
  4 bats
  7 frilled lizards
  9 rats
240 creatures vanquished.

Vanquished Creatures (collateral kills)
  3 howler monkeys (D:9)
3 creatures vanquished.

Vanquished Creatures (others)
  3 orcs (D:9)
3 creatures vanquished.

Grand Total: 246 creatures vanquished

Notes
Turn   | Place    | Note
-------+----------+-------------------------------------------
     0 | D:1      | Xavori the Octopode Chaos Knight began the quest for the
                  | Orb.
     0 | D:1      | Reached XP level 1. HP: 16/16 MP: 1/1
    45 | D:1      | XOM: divination: detect creatures
   149 | D:1      | Reached XP level 2. HP: 20/21 MP: 2/2
   195 | D:1      | XOM: divination: detect items
   235 | D:1      | XOM: polymorph giant cockroach -> frilled lizard
   444 | D:1      | Reached XP level 3. HP: 22/26 MP: 3/3
   453 | D:1      | XOM: god gift: 52 gold pieces
   484 | D:1      | XOM: smoke on damage
   491 | D:1      | XOM: polymorph endoplasm -> dart slug
   909 | D:1      | XOM: scenery: 1 doors close
  1520 | D:1      | XOM: scenery: 1 doors open
  1523 | D:1      | XOM: god gift: staff of death
  1996 | D:1      | XOM: give mutations
  1996 | D:1      | Gained mutation: You are robust. (+10% HP) [Xom's grace]
  1996 | D:1      | Gained mutation: You are somewhat resistant to further
                  | mutation. [Xom's grace]
  1996 | D:1      | Gained mutation: You have an increased reservoir of magic.
                  | (+10% MP) [Xom's grace]
  2071 | D:1      | XOM: god gift: scroll labelled PACIOS MIBRI {god gift}
  2421 | D:1      | XOM: summons 3 hostile shadow creatures
  2435 | D:1      | XOM: silly message
  2490 | D:1      | XOM is BORED!
  2490 | D:1      | XOM: noise
  2556 | D:1      | XOM: summons 2 hostile demons
  2628 | D:2      | XOM: scenery: create altars
  2727 | D:2      | Identified the ring "Goga" {rPois rF++ Stlth-} (Xom gifted
                  | it to you on level 2 of the Dungeon)
  2727 | D:2      | XOM: god gift: ring "Goga" {rPois rF++ Stlth-}
  3154 | D:1      | XOM: cloud trail
  3699 | D:1      | XOM: cloud trail
  3710 | D:1      | XOM: give mutation
  3710 | D:1      | Gained mutation: One of your tentacles bears a spike.
                  | [Xom's grace]
  3770 | D:1      | XOM: god gift: 7 stones
  4032 | D:1      | XOM: give mutations
  4032 | D:1      | Gained mutation: Your muscles are strong. (Str +4, Int/Dex
                  | -1) [Xom's grace]
  4032 | D:1      | Gained mutation: You have a considerably increased
                  | reservoir of magic. (+20% MP) [Xom's grace]
  4032 | D:1      | Gained mutation: You are resistant to electric shocks.
                  | (rElec) [Xom's grace]
  4032 | D:1      | Gained mutation: Your mind is acute. (Int +4, Str/Dex -1)
                  | [Xom's grace]
  4044 | D:1      | XOM: give mutations
  4044 | D:1      | Gained mutation: Your spells are a little harder to cast,
                  | but a little more powerful. [Xom's grace]
  4044 | D:1      | Gained mutation: You are partially covered in large bone
                  | plates. (SH +4) [Xom's grace]
  4044 | D:1      | Gained mutation: You are partially covered in iridescent
                  | scales. (AC +2) [Xom's grace]
  4044 | D:1      | Gained mutation: You have very sharp teeth. [Xom's grace]
  4065 | D:2      | XOM: confuse monster(s)
  4072 | D:2      | Reached skill level 1 in Stealth
  4076 | D:2      | Reached XP level 4. HP: 33/36 MP: 4/4
  4217 | D:2      | Found a basalt altar of Yredelemnul.
  4297 | D:2      | XOM: snakes to sticks
  4500 | D:2      | Noticed Jessica
  4507 | D:2      | Killed Jessica
  4508 | D:2      | Reached skill level 2 in Stealth
  4508 | D:2      | Reached XP level 5. HP: 35/40 MP: 6/6
  4890 | D:2      | XOM: summons 3 hostile shadow creatures
  4966 | D:2      | XOM: summons 3 hostile shadow creatures
  5057 | D:2      | XOM: stat loss: -1 Int (17/18)
  5338 | D:3      | Found Elaygog's Magic Scroll Boutique.
  5346 | D:3      | Bought a scroll of teleportation for 36 gold pieces
  5346 | D:3      | Bought a scroll of blinking for 90 gold pieces
  5352 | D:3      | Found a burning altar of Makhleb.
  5352 | D:3      | Noticed a blizzard demon
  5403 | D:3      | Found Liwant's Antique Weapon Boutique.
  5524 | D:3      | Found Saelemyu's Antique Armour Emporium.
  5563 | D:3      | XOM: give mutation
  5563 | D:3      | Gained mutation: You have a pair of small antennae on your
                  | head. [Xom's grace]
  5647 | D:3      | XOM: god gift: leather armour {god gift}
  5741 | D:3      | XOM: god gift: ring mail {god gift}
  5879 | D:3      | Found a white marble altar of Elyvilon.
  5899 | D:3      | XOM: god gift: 65 gold pieces
  6181 | D:4      | Reached skill level 3 in Stealth
  6281 | D:4      | Found a staircase to the Ecumenical Temple.
  6289 | D:4      | Noticed a lemure
  6290 | D:4      | Noticed a lemure
  6290 | D:4      | Noticed Pikel
  6297 | D:4      | a lemure changed into a quasit
  6297 | D:4      | XOM: polymorph lemure -> quasit
  6298 | D:4      | XOM: cast spell 'Olgreb's Toxic Radiance'
  6309 | D:4      | Killed a lemure
  6361 | D:4      | XOM: confuse monster(s)
  6369 | D:4      | Reached XP level 6. HP: 30/47 MP: 7/7
  6372 | D:4      | Reached skill level 4 in Stealth
  6517 | D:4      | Noticed a sky beast
  6524 | D:4      | Killed a sky beast
  6603 | D:4      | Killed Pikel
  6604 | D:4      | Reached skill level 5 in Short Blades
  6604 | D:4      | Reached skill level 6 in Stealth
  6604 | D:4      | Reached skill level 1 in Shields
  6604 | D:4      | Reached XP level 7. HP: 31/53 MP: 8/8
  6726 | D:4      | Reached XP level 8. HP: 59/59 MP: 9/9
  6993 | D:4      | Found Voutah's CLEARANCE SALE!.
  7003 | D:4      | Bought a lightning rod (4/4) for 160 gold pieces
  7003 | D:4      | Bought a scroll of amnesia for 16 gold pieces
  7117 | D:4      | XOM: scenery: 1 doors close
  7201 | D:5      | Entered Level 5 of the Dungeon
  7222 | D:5      | XOM: polymorph orc -> bat
  7234 | D:5      | Reached skill level 7 in Stealth
  7529 | D:5      | Noticed Eustachio
  7536 | D:5      | Killed Eustachio
  7537 | D:5      | Reached skill level 8 in Stealth
  7650 | D:5      | an ice beast changed into a shapeshifter
  7650 | D:5      | Noticed a shapeshifter (shapeshifter)
  7650 | D:5      | Killed a shapeshifter
  7657 | D:5      | Reached skill level 1 in Evocations
  7666 | D:5      | Found a runed translucent door.
  7667 | D:5      | Noticed Crazy Yiuf
  7796 | D:5      | Killed Crazy Yiuf
  7860 | D:6      | Noticed Menkaure
  7871 | D:6      | Killed Menkaure
  7872 | D:6      | Reached skill level 5 in Dodging
  7872 | D:6      | Reached skill level 9 in Stealth
  7937 | D:6      | Reached XP level 9. HP: 51/66 MP: 10/10
  8025 | D:6      | Found a glowing drain.
  8028 | D:6      | XOM: 1-stop teleportation journey
  8065 | Sewer    | Entered a sewer
  8080 | Sewer    | Reached skill level 10 in Stealth
  8188 | Sewer    | Reached skill level 5 in Fighting
  8374 | Sewer    | XOM: give mutations
  8374 | Sewer    | Lost mutation: Your spells are a little harder to cast, but
                  | a little more powerful. [Xom's mischief]
  8374 | Sewer    | Lost mutation: You have very sharp teeth. [Xom's mischief]
  8501 | D:6      | XOM: divination: magic mapping
  8561 | D:6      | XOM: silly message
  8596 | D:6      | Reached skill level 11 in Stealth
  9043 | D:7      | XOM: silly message
  9085 | D:7      | XOM: smoke on damage
  9105 | D:7      | XOM: silly message
  9373 | D:7      | XOM: silly message
  9448 | D:7      | XOM: noise
  9513 | D:7      | XOM: divination: magic mapping
  9559 | D:7      | XOM: silly message
  9939 | D:7      | Found Quagurek's Distillery.
  9948 | D:7      | Bought a potion of heal wounds for 55 gold pieces
  9948 | D:7      | Bought a potion of might for 44 gold pieces
 10280 | D:8      | Reached XP level 10. HP: 57/74 MP: 12/12
 10492 | D:8      | XOM: confuse monster(s)
 10519 | D:8      | Reached skill level 12 in Stealth
 10545 | D:8      | Identified the ring "Athros" {rElec rN+ rCorr}
 10577 | D:8      | XOM: confuse monster(s)
 10856 | D:8      | Found a flagged portal.
 10875 | Bailey   | Entered a bailey
 10936 | Bailey   | XOM: god gift: sapphire potion {god gift}
 11303 | Bailey   | XOM: divination: magic mapping
 11556 | Bailey   | Reached skill level 5 in Evocations
 11727 | Bailey   | XOM: give mutations
 11727 | Bailey   | Lost mutation: You are somewhat resistant to further
                  | mutation. [Xom's grace]
 11727 | Bailey   | Gained mutation: You have hidden genetic potential. [Xom's
                  | grace]
 11727 | Bailey   | Gained mutation: Your flesh is heat resistant. (rF+) [Xom's
                  | grace]
 11727 | Bailey   | Gained mutation: One of your tentacles bears a nasty spike.
                  | [Xom's grace]
 11727 | Bailey   | Gained mutation: One of your tentacles bears a large
                  | vicious spike. [Xom's grace]
 11804 | Bailey   | XOM: divination: detect items
 12113 | Bailey   | XOM: divination: detect creatures
 12382 | Bailey   | XOM: polymorph orc warrior -> tengu
 12408 | Bailey   | XOM: god gift: scroll of poison
 12514 | Bailey   | XOM: give mutations
 12514 | Bailey   | Lost mutation: You have hidden genetic potential. [Xom's
                  | mischief]
 12514 | Bailey   | Gained mutation: Your system is resistant to poisons.
                  | (rPois) [Xom's mischief]
 12581 | Bailey   | XOM: confusion (+ monsters)
 12650 | Bailey   | XOM: enchant monster (good)
 12712 | Bailey   | XOM: cloud trail
 12772 | Bailey   | XOM: summons friendly shadow imp
 12833 | Bailey   | XOM: give mutations
 12833 | Bailey   | Gained mutation: Your flesh is cold resistant. (rC+) [Xom's
                  | grace]
 12833 | Bailey   | Gained mutation: You are mostly covered in iridescent
                  | scales. (AC +4) [Xom's grace]
 12833 | Bailey   | Gained mutation: You expend magic power (3 MP) to
                  | strengthen your wands. [Xom's grace]
 12833 | Bailey   | Gained mutation: You are somewhat resistant to further
                  | mutation. [Xom's grace]
 12986 | Bailey   | Acquired 505 gold pieces
 13242 | D:8      | XOM: scenery: summon butterflies
 13296 | D:8      | XOM: summons friendly ufetubus
 13451 | D:9      | Noticed Erolcha
 13451 | D:9      | XOM: cast spell 'Summon Hydra'
 13464 | D:9      | XOM: butterfly on damage
 13465 | D:9      | XOM: destruction
 13468 | D:9      | Mangled by Erolcha

Illustrated notes

Levels and vault maps discovered:
D:1:      dpeg_arrival_houses_and_road, layout_basic, minmay_tromino_v2
D:2:      layout_basic, basic_altar, nicolae_concentric_dashed_squares_wild,
          nicolae_grassy_gnolls, uniq_jessica
D:3:      layout_basic, mainiacjoe_overflow_concentric_impassable,
          makhleb_altar_promises_db, serial_shops, shop,
          nicolae_shop_hallway_stairs, nicolae_shop_tiny_waterfront
D:4:      layout_basic, temple_fountains, nicolae_shop_clearance, uniq_pikel
D:5:      layout_rooms, minmay_misc_feat_enclosed, uniq_eustachio,
          uniq_crazy_yiuf_cottage
D:6:      layout_cave_pools, portal_sewer_entry_d, hellmonk_no_cap,
          uniq_menkaure
D:7:      layout_basic, serial_corexii_hall, chequers_hall_statues_corner_a,
          chequers_hall_statues_wall_a, serial_shops, shop
D:8:      layout_cave_pools, enter_bailey_7, grunt_ministairs_7
D:9:      layout_long_grid, serial_shops, shop, uniq_erolcha, uniq_amaemon

Skill      XL: |  1  2  3  4  5  6  7  8  9 10 |
---------------+-------------------------------+-----
Stealth        | 1 2 3 6 9 11 12 | 12.7
Fighting       | 4 5 6 |  6.7
Dodging        | 3 4 5 6 |  6.9
Short Blades   | 4 5 6 7 8 |  8.3
Shields        | 1 2 3 |  3.4
Evocations     | 1 4 5 |  5.7

Action                     |  1- 3 |  4- 6 |  7- 9 | 10-12 || total
---------------------------+-------+-------+-------+-------++-------
  Melee: Short sword       |    80 |   118 |   149 |   227 ||   574
         Constrict         |    17 |    30 |    48 |    40 ||   135
         Tentacles         |     9 |    27 |    66 |    65 ||   167
         Kick              |     4 |    41 |    81 |    95 ||   221
         Bite              |     2 |    10 |    23 |       ||    35
         Punch             |       |       |     3 |     6 ||     9
         Dagger            |       |       |    80 |       ||    80
  Evoke: Lightning rod     |       |       |       |     3 ||     3
         Wand              |       |       |       |     1 ||     1
    Use: Scroll            |     1 |       |     9 |     2 ||    12
         Potion            |       |     1 |       |     2 ||     3
   Stab: Sleeping          |     4 |     2 |    19 |     8 ||    33
         Petrified         |       |       |       |     1 ||     1
 Armour: Skin              |    25 |    67 |    78 |   146 ||   316
  Dodge: Dodged            |    34 |    49 |    92 |   168 ||   343
  Block: Other             |     2 |    21 |    19 |    43 ||    85

Table legend: (Time is in decaauts)
 A = Elapsed time spent in this place.
 B = Non-inter-level travel time spent in this place.
 C = Inter-level travel time spent in this place.
 D = Time resting spent in this place.
 E = Time spent auto-exploring this place.
 F = Levels seen in this place.
 G = Mean time per level.
                   A        B        C        D        E       F      G
               +--------+--------+--------+--------+--------+-----+--------+
         Total |  13266 |  12974 |    292 |   5104 |   5943 |  11 | 1206.0 |
       Dungeon |  10775 |  10483 |    292 |   3907 |   5296 |   9 | 1197.2 |
         Sewer |    372 |    372 |      0 |      0 |    232 |   1 |  372.0 |
        Bailey |   2118 |   2118 |      0 |   1197 |    415 |   1 | 2118.0 |
               +--------+--------+--------+--------+--------+-----+--------+

Top non-repeatable levels by time:
     D:1: 3858 daAuts
  Bailey: 2118 daAuts
     D:7: 1434 daAuts
     D:2: 1402 daAuts
     D:4: 1121 daAuts
     D:5: 801 daAuts
     D:3: 777 daAuts
     D:8: 670 daAuts
     D:6: 606 daAuts
   Sewer: 372 daAuts
     D:9: 103 daAuts
